 Dungeon Crawl Stone Soup version 0.29.1-15-g9cfb28693d (webtiles) character file.

Game seed: 14559288627691565054

158 Peloso the Covered (level 5, -17/47 HPs)
             Began as a Minotaur Fighter on Feb 24, 2023.
             Demolished by a large abomination (23 damage)
             ... on level 1 of the Abyss.
             The game lasted 00:02:46 (2032 turns).

Peloso the Covered (Minotaur Fighter)               Turns: 2032, Time: 00:02:46

Health: -17/47     AC:  7    Str: 20    XL:     5   Next: 16%
Magic:  4/4        EV:  9    Int:  5    God:
Gold:   117        SH:  5    Dex: 12    Spells: 4/4 levels left

rFire   . . .      SeeInvis .   a - +0 long sword
rCold   . . .      Faith    .   d - +0 buckler
rNeg    . . .      Spirit   .   b - +0 scale mail
rPois   .          Reflect  .   (helmet restricted)
rElec   .          Harm     .   (no cloak)
rCorr   .          Rampage  .   (no gloves)
Will    .....                   (no boots)
Stlth   ..........              (no amulet)
HPRegen 0.15/turn               (no ring)
MPRegen 0.09/turn               (no ring)

@: no status effects
A: horns 2, retaliatory headbutt
a: no special abilities


You were on level 1 of the Abyss.
You visited 1 branch of the dungeon, and saw 3 of its levels.
You visited the Abyss 1 time.

You collected 117 gold pieces.

Inventory:

Hand Weapons
 a - a +0 long sword (weapon)
Missiles
 c - a throwing net (quivered)
Armour
 b - a +0 scale mail (worn)
 d - a +0 buckler (worn)
Scrolls
 e - 2 scrolls of amnesia {unknown}
 h - a scroll of immolation {unknown}
 i - a scroll of identify {unknown}
 j - 2 scrolls of vulnerability {unknown}
 l - 2 scrolls of magic mapping {unknown}
 m - a scroll of enchant weapon {unknown}
Potions
 f - a potion of might
 k - a potion of invisibility {unknown}


   Skills:
 + Level 4.4 Fighting
 + Level 4.3 Long Blades
 + Level 4.8 Armour
 + Level 0.4 Dodging
 + Level 0.1 Stealth
 + Level 4.3 Shields


You had 4 spell levels left.
You didn't know any spells.
Your spell library contained the following spells:

 Spells                   Type           Power      Damage    Failure   Level
 Inner Flame              Hex/Fire       0%         N/A       99%         3
 Cause Fear               Hex            0%         N/A       100%        4
 Discord                  Hex            0%         N/A       100%        8


Dungeon Overview and Level Annotations

Branches:
Dungeon (3/15)

Altars:


Innate Abilities, Weirdness & Mutations

You have a pair of horns on your head.
You reflexively headbutt those who attack you in melee.


Message History

a +0 short sword; a stone; a kobold corpse You barely miss the giant cockroach.
You block the giant cockroach's attack.
You hit the giant cockroach.
The giant cockroach is moderately wounded.
The giant cockroach bites you but does no damage.
The giant cockroach barely misses you. You furiously retaliate!
You headbutt the giant cockroach, but do no damage.
You hit the giant cockroach.
The giant cockroach is heavily wounded.
The giant cockroach bites you.
You slash the giant cockroach!
You kill the giant cockroach!
You block the rat's attack. The rat closely misses you.
The rat attacks as you move away! You block the rat's attack.
You hit the rat.
You kill the rat!
Found a whip.
Found a whip.
A kobold comes into view.
It is wielding a +2 short sword of distortion.
The kobold shouts!
You aren't carrying any items that you can evoke.
Unknown command.
A kobold comes into view. It is wielding a +0 dagger.
You block the kobold's attack.
You hit the kobold.
The kobold is moderately wounded.
The kobold hits you but does no damage.
You are cast into the Abyss!
This branch contains the abyssal rune of Zot.
A large abomination comes into view.
A large abomination is nearby!
The large abomination hits you!!
Ouch! That really hurt!
You barely miss the large abomination.
You headbutt the large abomination, but do no damage.
The large abomination hits you!
* * * LOW HITPOINT WARNING * * *
You hit the large abomination but do no damage.
The large abomination hits you!!
You die...

#. . ##.....#.#..#...##
..##... ...##.#....##..
###.#.##.##.##.#......#
... .. #.##....#.....#
..... ..#... .#......#
. ...#### ##...#....
##....## #...#....# #
.... #..#.# #..#
.......... .# #@.# #.
......### #.X##
###...#...# #.## #
#....... .. # ##......#
##. .##..#. .. .. ..#
## # .. #


You could see a large abomination.

Vanquished Creatures
  An orc wizard (D:3)
  A gnoll (D:1)
  6 adders
  2 dart slugs (D:2)
  3 orcs (D:3)
  3 bats (D:1)
  4 endoplasms
  A giant cockroach (D:3)
  3 goblins (D:1)
  4 hobgoblins
  5 jackals
  4 kobolds
  A quokka (D:2)
  5 ball pythons
  3 rats
46 creatures vanquished.

Vanquished Creatures (others)
  An orc wizard (D:3)
1 creature vanquished.

Grand Total: 47 creatures vanquished

Notes
Turn   | Place    | Note
-------+----------+-------------------------------------------
     0 | D:1      | Peloso the Minotaur Fighter began the quest for the Orb.
     0 | D:1      | Reached XP level 1. HP: 19/19 MP: 0/0
    40 | D:1      | Found a faded altar of an unknown god.
   219 | D:1      | Reached XP level 2. HP: 24/27 MP: 1/1
   646 | D:2      | Reached XP level 3. HP: 33/33 MP: 2/2
   985 | D:2      | Reached XP level 4. HP: 40/40 MP: 3/3
  1594 | D:3      | HP: 1/41 [orc wizard/puff of flame (14)]
  1596 | D:3      | Reached XP level 5. HP: 1/47 MP: 4/4
  2001 | Abyss:1  | Cast into level 1 of the Abyss (kobold)
  2028 | Abyss:1  | Noticed a large abomination
  2032 | Abyss:1  | Demolished by a large abomination

Illustrated notes

Levels and vault maps discovered:
D:1:      shiori_arrival_elements, layout_rooms, basic_ecumenical_altar
D:2:      layout_basic, kennysheep_generic_room_3
D:3:      layout_loops_ring, minmay_tree_intersection,
          minmay_misc_feat_more_columns
Abyss:1:  base:
Temple

Skill      XL: |  1  2  3  4 |
---------------+-------------+-----
Fighting       | 4 |  4.4
Armour         | 4 |  4.8
Shields        | 4 |  4.3
Long Blades    | 3 4 |  4.3
Dodging        | |  0.4
Stealth        | |  0.1

Action                   |  1- 3 |  4- 6 || total
-------------------------+-------+-------++-------
Melee: Long sword        |    59 |    61 ||   120
       Headbutt          |     5 |     5 ||    10
  Use: Potion            |       |     3 ||     3
Armor: Scale mail        |    29 |    36 ||    65
Dodge: Dodged            |    31 |    11 ||    42
Block: Buckler           |     9 |    12 ||    21
